 Dungeon Crawl Stone Soup version 0.28.0 (webtiles) character file.

Game seed: 16635195765955558240

100 Sanktem7 the Covered (level 4, -5/40 HPs)
             Began as a Minotaur Fighter on Feb 16, 2022.
             Slain by Prince Ribbit (15 damage)
             ... on level 6 of the Dungeon.
             The game lasted 00:03:11 (2563 turns).

Sanktem7 the Covered (Minotaur Fighter)             Turns: 2563, Time: 00:03:12

Health: -5/40      AC:  9    Str: 22    XL:     4   Next: 47%
Magic:  3/3        EV:  9    Int:  5    God:
Gold:   78         SH:  4    Dex: 10    Spells: 3/3 levels left

rFire   . . .      SeeInvis .   p - +2 hand axe (elec)
rCold   . . .      Faith    .   c - +0 buckler
rNeg    . . .      Spirit   .   b - +0 scale mail
rPois   .          Reflect  .   (helmet restricted)
rElec   .          Harm     .   (no cloak)
rCorr   .          Rampage  .   m - +0 pair of gloves
Will    .....                   i - +0 pair of boots
Stlth   ..........              (no amulet)
HPRegen 0.13/turn               (no ring)
MPRegen 0.08/turn               (no ring)

@: no status effects
A: horns 2, retaliatory headbutt
a: no special abilities


You were on level 6 of the Dungeon.
You visited 1 branch of the dungeon, and saw 4 of its levels.

You collected 78 gold pieces.

Inventory:

Hand Weapons
 a - a +0 war axe
 p - a +2 hand axe of electrocution (weapon)
Armour
 b - a +0 scale mail (worn)
 c - a +0 buckler (worn)
 i - a +0 pair of boots (worn)
 m - a +0 pair of gloves (worn)
Scrolls
 e - a scroll of amnesia {unknown}
 h - a scroll of immolation {unknown}
 j - 2 scrolls of noise {unknown}
 k - 2 scrolls of enchant weapon {unknown}
 s - 2 scrolls of identify {unknown}
 t - a scroll of teleportation {unknown}
 v - a scroll of fog {unknown}
Potions
 d - 4 potions of might
 f - a potion of brilliance {unknown}
 g - a potion of curing {unknown}
 l - 2 potions of lignification {unknown}
 n - a potion of degeneration {unknown}
 o - a potion of attraction {unknown}
 q - a potion of resistance {unknown}
 r - 2 potions of mutation {unknown}
 u - a potion of flight {unknown}


   Skills:
 * Level 4.1 Fighting
 * Level 4.2 Axes
 * Level 4.6 Armour
 + Level 1.0 Dodging
 - Level 3.6 Shields


You had 3 spell levels left.
You didn't know any spells.
Your spell library contained the following spells:

 Spells                   Type           Power      Damage    Failure   Level
 Static Discharge         Conj/Air       0%         N/A       95%         2
 Lightning Bolt           Conj/Air       0%         1d11      100%        5
 Maxwell's Capacitive Co  Air            0%         ∞         100%        8


Dungeon Overview and Level Annotations

Branches:
Dungeon (3/15)

Altars:

Annotations:
D:6 Prince Ribbit


Innate Abilities, Weirdness & Mutations

You have a pair of horns on your head.
You reflexively headbutt those who attack you in melee.


Message History

An iguana is nearby!
An iguana is nearby!
The iguana closely misses you.
You barely miss the iguana. The iguana bites you!
You hit the iguana.
The iguana is lightly wounded.
The iguana bites you but does no damage.
You hit the iguana. You headbutt the iguana.
The iguana is severely wounded.
The iguana bites you.
You closely miss the iguana. You headbutt the iguana.
You kill the iguana!
Your Axes skill increases to level 4!
No target in view!
HP restored.
j - 2 scrolls labelled UKHLUE WUOBAEWN (gained 1) Prince Ribbit comes into view.
Prince Ribbit croaks.
Prince Ribbit is nearby!
Prince Ribbit is nearby!
Prince Ribbit is nearby!
You closely miss Prince Ribbit. Prince Ribbit hits you!
You barely miss Prince Ribbit.
Prince Ribbit catches a centipede with his tongue.
Prince Ribbit barely misses you. Prince Ribbit hits you!
You are too injured to fight recklessly!
You are too injured to fight recklessly!
You are too injured to fight recklessly!
You are too injured to fight recklessly!
You are too injured to fight recklessly!
You are too injured to fight recklessly!
You closely miss Prince Ribbit.
Prince Ribbit blinks!
Prince Ribbit blinks!
Prince Ribbit barely misses you.
You hit Prince Ribbit.
Prince Ribbit is lightly wounded.
Prince Ribbit hits you.
* * * LOW HITPOINT WARNING * * *
Prince Ribbit hits you!
You die...

#>.....................
#......####...........#
#......## #...........#
#.......###...........#
#...†.................#
#.#####.###...........#
#.......# #...........#
#.####### #...........#
#.....@# ###+#########
#......F......
##.###.#...... #+#
#.#.##### #.# # #.# #.#
#.#


You could see Prince Ribbit.

Vanquished Creatures
  2 iguanas (D:6)
  2 dart slugs (D:1)
  3 ball pythons (D:1)
  4 endoplasms
  A giant cockroach (D:3)
  5 goblins
  4 hobgoblins
  6 jackals
  4 quokkas
  3 bats
  2 frilled lizards
  2 kobolds
  5 rats
  A spectral goblin (D:1)
44 creatures vanquished.

Notes
Turn   | Place    | Note
-------+----------+-------------------------------------------
     0 | D:1      | Sanktem7 the Minotaur Fighter began the quest for the Orb.
     0 | D:1      | Reached XP level 1. HP: 19/19 MP: 0/0
   342 | D:1      | Reached XP level 2. HP: 27/27 MP: 1/1
   578 | D:1      | Found a faded altar of an unknown god.
   971 | D:1      | Reached XP level 3. HP: 33/33 MP: 2/2
  2391 | D:3      | You fall into a shaft and drop 3 floors!
  2395 | D:6      | Reached skill level 1 in Dodging
  2395 | D:6      | Reached XP level 4. HP: 40/40 MP: 3/3
  2554 | D:6      | Noticed Prince Ribbit
  2563 | D:6      | Slain by Prince Ribbit

Illustrated notes

Levels and vault maps discovered:
D:1:      matt_arrival_spirals, layout_loops_ring,
          dreamdust_ecumenical_altar_drowned_temple, columned_hall_lemuel,
          grunt_decor_fettered
D:2:      layout_basic
D:3:      layout_loops_cross, marbit_many_paths,
          nicolae_concentric_dashed_squares_wild
D:6:      layout_basic, overflow_temple_1_default, minmay_temple_entry_ruins,
          amethyst_killhole, kennysheep_cluttered_room, serial_bayou_pond_a,
          uniq_prince_ribbit1

Skill      XL: |  1  2  3  4 |
---------------+-------------+-----
Armour         | 4 |  4.6
Fighting       | 4 |  4.1
Axes           | 3 4 |  4.2
Dodging        | 1 |  1.0
Shields        | |  3.6

Action                   |  1- 3 |  4- 6 || total
-------------------------+-------+-------++-------
Melee: War axe           |    66 |       ||    66
       Headbutt          |     7 |     2 ||     9
       Hand axe          |    14 |     8 ||    22
Armor: Scale mail        |    33 |     1 ||    34
Dodge: Dodged            |    50 |     3 ||    53
Block: Buckler           |    20 |       ||    20
